 Dungeon Crawl Stone Soup version 0.27-a0-1272-g7c8ad2e407 (webtiles) character file.

Game seed: 4557494155842072744

1288 DeathSun the Cleaver (level 8, 0/68 HPs)
             Began as a Hill Orc Monk on June 11, 2021.
             Was a Priest of Zin.
             Slain by a hornet (10 damage)
             ... on level 7 of the Dungeon.
             The game lasted 00:16:30 (7755 turns).

DeathSun the Cleaver (Hill Orc Monk)                Turns: 7755, Time: 00:16:31

Health: 0/68       AC:  9    Str: 18    XL:     8   Next: 55%
Magic:  10/11      EV: 12    Int: 12    God:    Zin [***...]
Gold:   219        SH:  0    Dex: 15    Spells: 7/7 levels left

rFire    . . .     SeeInvis .   t - +0 war axe
rCold    . . .     Faith    .   (no shield)
rNeg     . . .     Spirit   .   q - +0 chain mail
rPois    ∞         Reflect  .   (no helmet)
rElec    .         Harm     .   (no cloak)
rCorr    .         Rampage  .   (no gloves)
Will     .....                  (no boots)
Stlth    ..........             f - amulet of the acrobat
HPRegen  0.21/turn              o - +4 ring of evasion
MPRegen  0.12/turn              (no ring)

@: vitalised
A: no striking features
a: Renounce Religion, Recite, Vitalisation, Imprison, Donate Gold


You were on level 7 of the Dungeon.
You worshipped Zin.
Zin was most pleased with you.
You visited 2 branches of the dungeon, and saw 8 of its levels.

You collected 243 gold pieces.
You donated 24 gold pieces to Zin.

Inventory:

Hand Weapons
 a - a +0 hand axe
 t - a +0 war axe (weapon)
Missiles
 s - 7 curare-tipped darts (quivered)
Armour
 b - a +0 robe
 g - a +0 ring mail
 q - a +0 chain mail (worn)
Magical Staves
 p - a staff of death
Jewellery
 f - an amulet of the acrobat (around neck)
 l - a ring of ice
 o - a +4 ring of evasion (left hand)
 x - a ring of see invisible
Wands
 w - a wand of iceblast (9)
Scrolls
 c - 3 scrolls of teleportation {unknown}
 e - 4 scrolls of identify {unknown}
 h - a scroll of amnesia {unknown}
 i - a scroll of fear {unknown}
 j - 2 scrolls of noise {unknown}
 n - 2 scrolls of magic mapping {unknown}
 r - a scroll of brand weapon {unknown}
 v - 2 scrolls of enchant weapon {unknown}
Potions
 d - a potion of berserk rage
 k - a potion of degeneration {unknown}
 m - a potion of might {unknown}
 u - 2 potions of curing {unknown}
 z - a potion of lignification {unknown}
 A - a potion of heal wounds {unknown}


   Skills:
 - Level 5.0 Fighting
 * Level 10.6 Axes
 + Level 4.5 Armour
 - Level 2.4 Dodging
 - Level 1.5 Stealth
 * Level 4.9 Invocations


You had 7 spell levels left.
You didn't know any spells.
Your spell library was empty.

Dungeon Overview and Level Annotations

Branches:
Dungeon (7/15)             Temple (1/1) D:6

Altars:
Ashenzari
Cheibriados
Dithmenos
Elyvilon
Hepliaklqana
Makhleb
Nemelex Xobeh
Okawaru
Qazlal
Sif Muna
Trog
Uskayaw
Xom
Zin
The Shining One

Shops:
D:1 :   D:3 :

Annotations:
D:5 1 runed translucent door, Tinttamiau's ghost, novice KoBr


Message History

Your divine stamina protects you from poison!
The hornet closely misses you.
You hit the hornet.
The hornet is heavily wounded.
The hornet barely misses you.
Your chain mail prevents you from hitting the hornet.
The hornet is heavily wounded.
The hornet stings you.
Your divine stamina protects you from poison!
The hornet stings you!
Your divine stamina protects you from poison!
Unknown command.
You miss the hornet.
The hornet is heavily wounded.
The hornet closely misses you.
You closely miss the hornet.
The hornet is heavily wounded.
The hornet closely misses you.
You hit the hornet but do no damage.
The hornet is heavily wounded.
The hornet stings you!
Your divine stamina protects you from poison!
The hornet barely misses you.
You hit the hornet but do no damage.
The hornet is heavily wounded.
The hornet stings you!
* * * LOW HITPOINT WARNING * * *
Your divine stamina protects you from poison!
You completely miss the hornet.
The hornet is heavily wounded.
The hornet barely misses you. x2
You closely miss the hornet.
The hornet is heavily wounded.
The hornet stings you.
* * * LOW HITPOINT WARNING * * *
Your divine stamina protects you from poison!
You slash the hornet!
The hornet is severely wounded.
The hornet stings you!
You die...

########### #.##......####
##............### ####
##...............########.....
##..............................
##...............................
#..........).....................
.................................
................@y...............
..........>......................
...................###...........
.....................###.........
###................... ##........
# ##...............#.....#.......
##...........#######.. .....[.
##..........# ### .......
##.........## .......


You could see a hornet.

Vanquished Creatures
  A wraith (D:6)
  2 water moccasins
  A necrophage (D:6)
  An ogre (D:7)
  A bullfrog (D:7)
  4 scorpions
  A wyvern skeleton (D:4)
  A centaur zombie (D:5)
  A jelly (D:6)
  A hound (D:6)
  A bullfrog skeleton (D:4)
  An orc priest (D:5)
  2 centaur skeletons
  An orc wizard (D:5)
  A killer bee zombie (D:6)
  2 hound skeletons (D:5)
  4 adders
  2 ufetubi
  A worm (D:5)
  2 dart slugs
  19 orcs
  3 endoplasms
  A giant cockroach (D:1)
  4 goblins
  3 hobgoblins
  8 jackals
  7 kobolds
  4 quokkas
  4 ball pythons
  5 bats
  2 frilled lizards
  5 rats
96 creatures vanquished.

Vanquished Creatures (others)
  3 fungi (D:4)
  55 plants
  4 toadstools (D:4)
62 creatures vanquished.

Grand Total: 158 creatures vanquished

Notes
Turn   | Place    | Note
-------+----------+-------------------------------------------
     0 | D:1      | DeathSun the Hill Orc Monk began the quest for the Orb.
     0 | D:1      | Reached XP level 1. HP: 19/19 MP: 1/1
   441 | D:1      | Reached XP level 2. HP: 9/26 MP: 2/2
   759 | D:1      | Found Pupribiw's Book Boutique.
   811 | D:1      | Reached skill level 5 in Axes
  1725 | D:2      | Reached XP level 3. HP: 30/31 MP: 3/3
  2815 | D:3      | Reached skill level 6 in Axes
  2955 | D:3      | Reached XP level 4. HP: 35/39 MP: 4/4
  3124 | D:3      | Found Wureysol's Book Boutique.
  3599 | D:3      | Reached skill level 7 in Axes
  3728 | D:4      | Noticed a phantom
  4025 | D:4      | Reached skill level 1 in Armour
  4025 | D:4      | Reached XP level 5. HP: 5/46 MP: 5/5
  4866 | D:5      | Entered Level 5 of the Dungeon
  4971 | D:5      | Found a runed translucent door.
  4974 | D:5      | Noticed Tinttamiau's ghost (novice KoBr)
  5029 | D:6      | Reached XP level 6. HP: 52/52 MP: 6/6
  5046 | D:6      | Noticed a wraith
  5062 | D:6      | Killed a wraith
  5063 | D:6      | Reached skill level 8 in Axes
  5238 | D:6      | Found a shadowy altar of Dithmenos.
  5247 | D:6      | Reached XP level 7. HP: 60/60 MP: 7/7
  5265 | D:6      | Reached skill level 5 in Fighting
  5380 | D:6      | Reached skill level 9 in Axes
  5498 | D:6      | Found a sparkling altar of Nemelex Xobeh.
  5740 | D:6      | Found a staircase to the Ecumenical Temple.
  5746 | Temple   | Entered the Ecumenical Temple
  5990 | Temple   | Became a worshipper of Zin the Law-Giver
  5990 | Temple   | Reached * piety under Zin
  5990 | Temple   | Reached ** piety under Zin
  6166 | D:5      | Reached skill level 1 in Invocations
  6354 | D:5      | Reached XP level 8. HP: 38/68 MP: 8/10
  6362 | D:5      | Reached skill level 10 in Axes
  6717 | D:5      | Reached *** piety under Zin
  7731 | D:7      | Noticed a hornet
  7755 | D:7      | Slain by a hornet

Illustrated notes

Levels and vault maps discovered:
D:1:      roderic_crop_circles_arrival_small, layout_basic, serial_shops,
          nicolae_shop_behind_doors, minmay_misc_feat_columns
D:2:      wad_lake_hut, layout_basic
D:3:      layout_basic, serial_shops, nicolae_shop_waterfront
D:4:      minmay_bubble_buster, layout_cave_pools, minmay_gold_behind_fungi
D:5:      layout_loops_cross, ebering_ghost_inner_flame,
          kennysheep_generic_room_7
D:6:      layout_basic, nemelex_diamond_rough_becter,
          nicolae_dithmenos_shadow_blocks, temple_green, kennysheep_small_circle
D:7:      kennysheep_seaside_town, layout_layer_cave, grunt_decor_arrowhead,
          grunt_decor_mini_mirrors
Temple:   nicolae_temple_figure_eight

Skill      XL: |  1  2  3  4  5  6  7  8 |
---------------+-------------------------+-----
Axes           | 5 6 7 8 9 10 | 10.6
Armour         | 1 2 3 4 |  4.5
Fighting       | 4 5 |  5.0
Invocations    | 2 4 |  4.9
Dodging        | |  2.4
Stealth        | |  1.5

Action                   |  1- 3 |  4- 6 |  7- 9 || total
-------------------------+-------+-------+-------++-------
Melee: Hand axe          |   131 |   102 |       ||   233
       War axe           |       |    29 |   139 ||   168
Throw: Dart              |       |     2 |     4 ||     6
Invok: Recite            |       |       |     2 ||     2
       Vitalisation      |       |       |     2 ||     2
  Use: Potion            |       |       |     1 ||     1
 Stab: Sleeping          |     4 |       |       ||     4
       Confused          |       |       |     1 ||     1
Armor: Robe              |    20 |       |       ||    20
       Ring mail         |    23 |    18 |       ||    41
       Chain mail        |       |    84 |    39 ||   123
Dodge: Dodged            |    85 |    88 |    97 ||   270

Table legend: (Time is in decaauts)
 A = Elapsed time spent in this place.
 B = Non-inter-level travel time spent in this place.
 C = Inter-level travel time spent in this place.
 D = Time resting spent in this place.
 E = Time spent auto-exploring this place.
 F = Levels seen in this place.
 G = Mean time per level.
                   A        B        C        D        E       F      G
               +--------+--------+--------+--------+--------+-----+--------+
         Total |   7827 |   7443 |    384 |   2916 |   3362 |   8 |  978.4 |
       Dungeon |   7547 |   7198 |    349 |   2916 |   3175 |   7 | 1078.1 |
        Temple |    280 |    245 |     35 |      0 |    187 |   1 |  280.0 |
               +--------+--------+--------+--------+--------+-----+--------+

Top non-repeatable levels by time:
     D:3: 1559 daAuts
     D:1: 1541 daAuts
     D:6: 1290 daAuts
     D:2: 1102 daAuts
     D:5: 1084 daAuts
     D:4: 715 daAuts
  Temple: 280 daAuts
     D:7: 252 daAuts
